 Dungeon Crawl Stone Soup version 0.27.1-15-g792fb953b9 (webtiles) character file.

Game seed: 5886933438918425536

112 bearlyready the Magician (level 5, -3/39 HPs)
             Began as a Djinni Fire Elementalist on Nov 19, 2021.
             Slain by a gnoll (6 damage)
             ... on level 3 of the Dungeon.
             The game lasted 00:06:15 (3163 turns).

bearlyready the Magician (Djinni Fire Elementalist) Turns: 3163, Time: 00:06:15

Health: -3/39      AC:  3    Str:  7    XL:     5   Next: 16%
Gold:   84         EV:  6    Int: 18    God:
                   SH:  0    Dex: 13

rFire    + + .     SeeInvis .   n - +1 dagger (protect)
rCold    x . .     Faith    .   (no shield)
rNeg     . . .     Spirit   .   a - +0 robe
rPois    ∞         Reflect  .   j - +0 helmet
rElec    .         Harm     .   (no cloak)
rCorr    .         Rampage  .   (no gloves)
Will     .....                  (boots unavailable)
Stlth    ++........             (no amulet)
HPRegen  0.13/turn              (no ring)
MPRegen  0.00/turn              (no ring)

@: mighty, brilliant, flying, held
A: sickness immunity, fire resistance 2, cold vulnerability 1, float, innate
caster, hp casting, extra vitality 1
a: no special abilities


You were on level 3 of the Dungeon.
You visited 1 branch of the dungeon, and saw 3 of its levels.

You collected 84 gold pieces.

Inventory:

Hand Weapons
 b - a +0 dagger
 n - a +1 dagger of protection (weapon)
Missiles
 q - 15 poisoned darts
Armour
 a - a +0 robe (worn)
 g - a +1 kite shield of protection
 j - a +0 helmet (worn)
Magical Staves
 o - a staff of air
Jewellery
 f - a ring of wizardry
Scrolls
 d - a scroll of vulnerability {unknown}
 e - a scroll of magic mapping {unknown}
 h - a scroll of blinking {unknown}
 m - a scroll of torment {unknown}
 p - a scroll of enchant armour {unknown}
Potions
 c - 2 potions of brilliance
 k - a potion of mutation {unknown}
 l - a potion of attraction {unknown}


   Skills:
 + Level 2.6 Fighting
 + Level 1.4 Short Blades
 - Level 2.1 Dodging
 - Level 1.5 Stealth
 + Level 3.2 Spellcasting


You couldn't memorise any spells.
You knew the following spells:

 Your Spells              Type           Power      Damage    Failure   Level
a - Foxfire               Conj/Fire      88%        2x1d8     4%          1
b - Conjure Flame         Conj/Fire      22%        6-21      12%         3
c - Inner Flame           Hex/Fire       22%        N/A       12%         3
d - Sticky Flame          Conj/Fire      22%        2d4       38%         4
e - Fireball              Conj/Fire      11%        3d7       75%         5
f - Shock                 Conj/Air       88%        1d8       4%          1
g - Call Imp              Summ           22%        N/A       6%          2
Your spell library was empty.

Dungeon Overview and Level Annotations

Branches:
Dungeon (3/15)

Altars:

Shops:
D:1 *


Innate Abilities, Weirdness & Mutations

You are immune to sickness and miasma.
You are immune to poison.
Your flesh is very heat resistant. (rF++)
You are vulnerable to cold. (rC-)
You float through the air rather than walking.
You learn spells naturally, not from books.
Your magical power is your life essence.
You have superior vitality. (+4 HP)


Message History

Your weapon exudes an aura of protection.
The gnoll is moderately wounded.
The foxfire hits the gnoll.
The gnoll is heavily wounded.
Casting: Foxfire (safe; 4% risk of failure)
Press: ? - help, Q - select action, (/) - cycle Dir - look around, f - activate You conjure some foxfire!
The gnoll hits you with a +0 flail.
Your foxfire dissipates!
The gnoll hits you with a +0 flail.
Casting: Foxfire (safe; 4% risk of failure)
Confirm with . or Enter, or press ? or * to list all spells.
Okay, then.
Casting: Foxfire (safe; 4% risk of failure)
Confirm with . or Enter, or press ? or * to list all spells.
Okay, then.
The gnoll barely misses you.
The gnoll throws a throwing net.
The throwing net hits you.
You become entangled in the net!
You see here a throwing net.
You tear a large gash into the net.
The gnoll closely misses you.
You struggle against the net.
The gnoll hits you with a +0 flail!
You aren't carrying any items that you can evoke.
Unknown command.
Okay, then.
Casting: Foxfire (safe; 4% risk of failure)
Confirm with . or Enter, or press ? or * to list all spells.
A beastly little devil appears in a puff of flame.
The gnoll hits you with a +0 flail.
It was a potion of brilliance.
You feel clever all of a sudden. The gnoll hits you with a +0 club.
* * * LOW HITPOINT WARNING * * *
The gnoll hits you with a +0 flail!
* * * LOW HITPOINT WARNING * * *
Your crimson imp hits the gnoll.
It was a potion of might.
You feel very mighty all of a sudden. The gnoll hits you with a +0 club.
You die...

.g ######### #..# g#
#.......# #..# .# #.......#
#..#
.##############.......#####.#
.........g..................#
##############........#####>#
#..g5....#####.####
#.gg..†..##..†....#
#####..@.....##.......#
#........######.......#
#......<.# #.......#
##........# #....[..#
#.........### #.......#
#......##...# #.......#
#..)...##...# #.......#
#......##...# ####.####
#......##...# #.#


You could see 3 gnolls and a friendly crimson imp (summoned).

Vanquished Creatures
  Robin (D:2)
  4 adders
  A worm (D:2)
  5 bats
  6 endoplasms
  4 giant cockroaches (D:1)
  9 goblins (D:2)
  5 hobgoblins
  6 jackals
  4 kobolds
  3 quokkas (D:1)
  3 ball pythons (D:1)
  2 frilled lizards (D:2)
  4 rats
57 creatures vanquished.

Vanquished Creatures (others)
  170 foxfires
170 creatures vanquished.

Grand Total: 227 creatures vanquished

Notes
Turn   | Place    | Note
-------+----------+-------------------------------------------
     0 | D:1      | bearlyready the Djinni Fire Elementalist began the quest
                  | for the Orb.
     0 | D:1      | Reached XP level 1. HP: 15/15 MP: 0/0
   222 | D:1      | Found Kom Kuck's Assorted Antiques.
   261 | D:1      | Found a faded altar of an unknown god.
   266 | D:1      | Reached skill level 1 in Fighting
   266 | D:1      | Reached XP level 2. HP: 20/22 MP: 0/0
   779 | D:1      | Reached XP level 3. HP: 24/27 MP: 0/0
   779 | D:1      | Learned a level 1 spell: Shock
  1678 | D:2      | Reached skill level 3 in Spellcasting
  1833 | D:2      | Noticed Robin
  1909 | D:2      | Killed Robin
  1910 | D:2      | Reached XP level 4. HP: 22/33 MP: 0/0
  2241 | D:2      | Reached skill level 1 in Short Blades
  2867 | D:2      | Reached XP level 5. HP: 37/39 MP: 0/0
  2867 | D:2      | Learned a level 2 spell: Call Imp
  3163 | D:3      | Slain by a gnoll

Illustrated notes

Levels and vault maps discovered:
D:1:      dpeg_arrival_simpleton_b, layout_basic,
          hellmonk_ecumenical_altar_blasted, serial_shops, shop,
          hangedman_abyss_or_decor_lesser_grid
D:2:      layout_basic, minmay_pentomino_x4, uniq_robin
D:3:      layout_basic

Skill      XL: |  1  2  3  4 |
---------------+-------------+-----
Fighting       | 1 2 |  2.6
Spellcasting   | 3 |  3.2
Short Blades   | 1 |  1.4
Dodging        | |  2.1
Stealth        | |  1.5

Action                   |  1- 3 |  4- 6 || total
-------------------------+-------+-------++-------
Melee: Dagger            |    29 |    16 ||    45
 Cast: Foxfire           |    52 |    51 ||   103
       Call Imp          |       |     1 ||     1
  Use: Potion            |       |     2 ||     2
 Stab: Sleeping          |     3 |     1 ||     4
Armor: Robe              |     8 |     6 ||    14
Dodge: Dodged            |    18 |    19 ||    37
